General information
- name: BNet
- type: Ladder team game (AT/RT)
- host: Battle.net
- saver: lllove
map: Deathknell
- players: 8
- length: 19:17
- speed: Fast
- version: 1.26 W3XP
- replay type: Public
» download(132 KB)
Players
team 1 (loser)

»
PewPewKachoo (
purple | 54 APM | 807 actions | 14:56)
2 Death Knight
1 Death Coil
1 Unholy Aura
1 Lich
1 Frost Nova
» actions
| Assign group hotkey | 14 | |
| Basic commands | 23 | |
| Build / train | 53 | |
| Enter build submenu | 13 | |
| Enter hero's abilities submenu | 3 | |
| Remove unit from queue | 3 | |
| Right click | 302 | |
| Select / deselect | 216 | |
| Select group hotkey | 131 | |
| Use ability | 48 | |
807 total
» units
| Acolyte | 14 | |
| Ghoul | 5 | |
| Crypt Fiend | 12 | |
31 total
» upgrades
| Creature Attack | 2 | |
| Creature Carapace | 2 | |
| Web | 1 | |
5 total
» buildings
| Altar of Darkness | 1 | |
| Ziggurat | 5 | |
| Crypt | 1 | |
| Graveyard | 1 | |
| Nerubian Tower | 1 | |
| Tomb of Relics | 1 | |
| Spirit Tower | 2 | |
| Halls of the Dead | 1 | |
13 total
» build order
00:11 Altar of Darkness
00:12 Ziggurat
00:39 Crypt
00:59 Graveyard
01:22 Ziggurat
01:37 Nerubian Tower
02:22 Tomb of Relics
04:21 Ziggurat
05:56 Ziggurat
06:42 Spirit Tower
07:03 Halls of the Dead
08:41 Spirit Tower
13:50 Ziggurat
» items
| Rod of Necromancy | 1 | |
| Scroll of Regeneration | 1 | |
| Scroll of Town Portal | 2 | |
| Dust of Appearance | 1 | |
5 total
AFKER_TKER_BSER (
red | 49 APM | 953 actions | 19:15)
5 Death Knight
3 Death Coil
2 Unholy Aura
3 Lich
2 Frost Nova
1 Frost Armor
» actions
| Assign group hotkey | 24 | |
| Basic commands | 7 | |
| Build / train | 63 | |
| Enter build submenu | 24 | |
| Enter hero's abilities submenu | 8 | |
| Give item / drop item | 1 | |
| Right click | 352 | |
| Select / deselect | 270 | |
| Select group hotkey | 130 | |
| Use ability | 74 | |
953 total
» units
| Acolyte | 13 | |
| Ghoul | 16 | |
| Goblin Shredder | 1 | |
| Frost Wyrm | 3 | |
33 total
» upgrades
| Creature Attack | 2 | |
| Creature Carapace | 2 | |
| Freezing Breath | 1 | |
5 total
» buildings
| Crypt | 1 | |
| Ziggurat | 10 | |
| Altar of Darkness | 1 | |
| Tomb of Relics | 2 | |
| Halls of the Dead | 1 | |
| Graveyard | 1 | |
| Necropolis | 1 | |
| Black Citadel | 1 | |
| Nerubian Tower | 2 | |
| Spirit Tower | 3 | |
| Sacrificial Pit | 1 | |
| Boneyard | 5 | |
29 total
» build order
00:15 Crypt
00:16 Ziggurat
00:55 Altar of Darkness
00:57 Tomb of Relics
01:16 Ziggurat
02:00 Ziggurat
04:49 Halls of the Dead
06:03 Graveyard
06:56 Ziggurat
06:57 Ziggurat
06:58 Ziggurat
07:01 Necropolis
07:01 Ziggurat
07:10 Black Citadel
08:03 Nerubian Tower
08:05 Spirit Tower
08:26 Nerubian Tower
08:30 Sacrificial Pit
08:31 Spirit Tower
08:42 Tomb of Relics
08:43 Ziggurat
10:07 Spirit Tower
11:05 Boneyard
11:07 Boneyard
11:10 Boneyard
11:11 Boneyard
12:06 Boneyard
14:47 Ziggurat
14:52 Ziggurat
» items
| Rod of Necromancy | 3 | |
| Orb of Corruption | 2 | |
| Scroll of Town Portal | 1 | |
| Dust of Appearance | 1 | |
7 total

»
Furter (
orange | 70 APM | 1058 actions | 15:09)
3 Mountain King
2 Storm Bolt
1 Bash
2 Paladin
1 Holy Light
1 Divine Shield
» actions
| Assign group hotkey | 45 | |
| Build / train | 44 | |
| Enter build submenu | 12 | |
| Enter hero's abilities submenu | 5 | |
| Give item / drop item | 1 | |
| Remove unit from queue | 1 | |
| Right click | 557 | |
| Select / deselect | 152 | |
| Select group hotkey | 203 | |
| Use ability | 38 | |
1058 total
» units
| Peasant | 18 | |
| Footman | 13 | |
| Ice Troll Trapper | 1 | |
| Ice Troll Berserker | 1 | |
33 total
» buildings
| Altar of Kings | 1 | |
| Farm | 7 | |
| Barracks | 1 | |
| Keep | 1 | |
| Arcane Vault | 1 | |
| Lumber Mill | 2 | |
13 total
» build order
00:25 Altar of Kings
00:31 Farm
00:44 Barracks
01:04 Farm
01:44 Farm
02:22 Farm
03:01 Farm
03:42 Keep
03:44 Farm
03:49 Arcane Vault
05:22 Farm
06:34 Lumber Mill
10:23 Lumber Mill
» items
| Scroll of Regeneration | 2 | |
| Lesser Clarity Potion | 1 | |
3 total

»
NateDog123 (
blue | 72 APM | 1111 actions | 15:24)
3 Demon Hunter
2 Mana Burn
1 Evasion
2 Keeper of the Grove
1 Entangling Roots
1 Thorns Aura
» actions
| Assign group hotkey | 11 | |
| Basic commands | 2 | |
| Build / train | 46 | |
| ESC pressed | 1 | |
| Enter build submenu | 20 | |
| Enter hero's abilities submenu | 5 | |
| Give item / drop item | 3 | |
| Right click | 458 | |
| Select / deselect | 176 | |
| Select group hotkey | 338 | |
| Use ability | 51 | |
1111 total
» units
| Wisp | 20 | |
| Archer | 4 | |
| Hippogryph | 3 | |
| Chimaera | 2 | |
29 total
» upgrades
| Corrosive Breath | 1 | |
| Strength of the Wild | 1 | |
| Reinforced Hides | 1 | |
3 total
» buildings
| Moon Well | 7 | |
| Altar of Elders | 1 | |
| Ancient of War | 1 | |
| Ancient of Wonders | 1 | |
| Tree of Ages | 1 | |
| Tree of Life | 1 | |
| Tree of Eternity | 1 | |
| Ancient of Wind | 2 | |
| Chimaera Roost | 4 | |
| Hunter's Hall | 1 | |
20 total
» build order
00:08 Moon Well
00:14 Altar of Elders
01:24 Ancient of War
01:53 Moon Well
02:05 Ancient of Wonders
02:53 Tree of Ages
05:52 Tree of Life
06:08 Tree of Eternity
08:21 Ancient of Wind
10:23 Chimaera Roost
10:24 Chimaera Roost
10:26 Chimaera Roost
10:28 Ancient of Wind
10:36 Chimaera Roost
10:43 Moon Well
10:44 Moon Well
11:49 Hunter's Hall
15:06 Moon Well
15:08 Moon Well
15:09 Moon Well
» items
| Potion of Healing | 1 | |
| Scroll of Town Portal | 3 | |
| Orb of Venom | 1 | |
5 total
team 2 (winner)
Tupacizzle (
green | 136 APM | 2616 actions | 19:16)
5 Tauren Chieftain
3 Endurance Aura
2 War Stomp
2 Mountain King
1 Storm Bolt
1 Bash
2 Paladin
1 Devotion Aura
1 Holy Light
1 Archmage
1 Brilliance Aura
1 Shadow Hunter
1 Hex
2 Pit Lord
1 Howl of Terror
1 Cleaving Attack
» actions
| Assign group hotkey | 80 | |
| Basic commands | 33 | |
| Build / train | 122 | |
| Enter build submenu | 35 | |
| Enter hero's abilities submenu | 15 | |
| Give item / drop item | 3 | |
| Right click | 951 | |
| Select / deselect | 616 | |
| Select group hotkey | 634 | |
| Use ability | 127 | |
2616 total
» units
| Peon | 19 | |
| Troll Headhunter/Berserker | 14 | |
| Footman | 1 | |
| Rifleman | 4 | |
| Dragonhawk Rider | 11 | |
| Knight | 5 | |
| Shaman | 3 | |
| Kodo Beast | 1 | |
58 total
» upgrades
| Ranged Weapons | 2 | |
| Cloud | 1 | |
| Shaman Training | 2 | |
| Berserker Upgrade | 1 | |
| Witch Doctor Training | 1 | |
7 total
» buildings
| Altar of Storms | 1 | |
| Orc Burrow | 8 | |
| War Mill | 1 | |
| Barracks | 2 | |
| Voodoo Lounge | 1 | |
| Keep | 3 | |
| Farm | 10 | |
| Stronghold | 3 | |
| Great Hall | 1 | |
| Arcane Vault | 1 | |
| Castle | 1 | |
| Gryphon Aviary | 4 | |
| Fortress | 2 | |
| Spirit Lodge | 2 | |
| Beastiary | 1 | |
41 total
» build order
00:05 Altar of Storms
00:18 Orc Burrow
01:01 War Mill
01:11 Barracks
01:38 Barracks
01:54 Orc Burrow
02:56 Voodoo Lounge
03:25 Keep
03:25 Keep
03:47 Farm
04:39 Stronghold
04:39 Stronghold
04:54 Great Hall
05:01 Arcane Vault
05:12 Orc Burrow
05:45 Farm
05:48 Castle
05:52 Gryphon Aviary
06:12 Farm
07:44 Fortress
07:48 Spirit Lodge
08:30 Spirit Lodge
08:47 Farm
08:48 Farm
09:08 Beastiary
09:09 Orc Burrow
12:41 Orc Burrow
12:42 Orc Burrow
13:36 Farm
13:37 Farm
14:33 Orc Burrow
15:28 Gryphon Aviary
15:51 Farm
15:51 Farm
15:56 Gryphon Aviary
15:59 Gryphon Aviary
16:51 Farm
17:36 Orc Burrow
» items
| Healing Salve | 2 | |
| Scroll of Regeneration | 3 | |
| Potion of Healing | 2 | |
| Scroll of Town Portal | 4 | |
| Staff of Sanctuary | 1 | |
| Orb of Fire | 1 | |
| Orb of Lightning | 1 | |
| Scroll of Speed | 1 | |
| Lesser Clarity Potion | 1 | |
16 total
lllove (
teal | 61 APM | 1174 actions | 19:17)
5 Blood Mage
3 Flame Strike
2 Siphon Mana
» actions
| Assign group hotkey | 54 | |
| Basic commands | 15 | |
| Build / train | 84 | |
| Enter build submenu | 36 | |
| Enter hero's abilities submenu | 5 | |
| Give item / drop item | 1 | |
| Remove unit from queue | 1 | |
| Right click | 474 | |
| Select / deselect | 299 | |
| Select group hotkey | 93 | |
| Use ability | 112 | |
1174 total
» units
| Peasant | 12 | |
| Footman | 4 | |
| Goblin Shredder | 2 | |
| Sorceress | 7 | |
| Goblin Sapper | 7 | |
32 total
» upgrades
| Sorceress Training | 1 | |
| Magic Sentry | 1 | |
| Masonry | 3 | |
| Lumber Harvesting | 1 | |
6 total
» buildings
| Altar of Kings | 1 | |
| Barracks | 2 | |
| Farm | 4 | |
| Scout Tower | 20 | |
| Arcane Tower | 1 | |
| Keep | 1 | |
| Lumber Mill | 1 | |
| Arcane Vault | 2 | |
| Town Hall | 1 | |
| Arcane Sanctum | 1 | |
| Guard Tower | 8 | |
| Castle | 1 | |
43 total
» build order
00:36 Altar of Kings
00:48 Barracks
00:50 Farm
00:53 Farm
01:06 Farm
01:37 Farm
01:54 Scout Tower
02:20 Arcane Tower
03:38 Keep
03:47 Lumber Mill
04:23 Arcane Vault
04:28 Town Hall
06:07 Barracks
06:09 Arcane Sanctum
07:10 Scout Tower
07:11 Scout Tower
07:13 Scout Tower
07:13 Scout Tower
07:15 Scout Tower
07:18 Scout Tower
07:20 Scout Tower
07:21 Scout Tower
07:23 Scout Tower
07:24 Scout Tower
08:52 Guard Tower
08:56 Castle
10:39 Scout Tower
10:39 Scout Tower
10:40 Scout Tower
10:40 Scout Tower
10:44 Arcane Vault
12:08 Guard Tower
14:44 Guard Tower
14:48 Scout Tower
14:48 Scout Tower
14:48 Scout Tower
14:50 Guard Tower
14:50 Guard Tower
14:51 Guard Tower
16:43 Guard Tower
17:14 Guard Tower
» items
| Scroll of Regeneration | 4 | |
| Mechanical Critter | 1 | |
| Potion of Healing | 8 | |
| Potion of Mana | 5 | |
| Lesser Clarity Potion | 2 | |
| Scroll of Town Portal | 5 | |
| Anti-magic Potion | 2 | |
27 total

»
Jewishrambo (
yellow | 79 APM | 216 actions | 02:44)
1 Paladin
1 Holy Light
» actions
| Build / train | 13 | |
| Enter build submenu | 7 | |
| Enter hero's abilities submenu | 1 | |
| Right click | 136 | |
| Select / deselect | 52 | |
| Use ability | 7 | |
216 total
» units
» buildings
| Altar of Kings | 1 | |
| Farm | 3 | |
| Barracks | 1 | |
| Blacksmith | 1 | |
| Lumber Mill | 1 | |
7 total
» build order
00:20 Altar of Kings
00:24 Farm
00:37 Farm
01:02 Barracks
01:27 Farm
01:53 Blacksmith
02:07 Lumber Mill
PinkleTank (
pink | 23 APM | 439 actions | 19:16)
3 Dark Ranger
2 Black Arrow
1 Life Drain
» actions
| Assign group hotkey | 3 | |
| Build / train | 54 | |
| Enter build submenu | 23 | |
| Enter hero's abilities submenu | 3 | |
| Right click | 186 | |
| Select / deselect | 147 | |
| Use ability | 23 | |
439 total
» units
» upgrades
| Strength of the Moon | 2 | |
| Strength of the Wild | 3 | |
| Reinforced Hides | 3 | |
| Abolish Magic | 1 | |
| Ultravision | 1 | |
| Well Spring | 1 | |
| Moon Armor | 1 | |
| Nature's Blessing | 1 | |
13 total
» buildings
| Altar of Elders | 1 | |
| Moon Well | 7 | |
| Ancient of War | 1 | |
| Hunter's Hall | 1 | |
| Ancient Protector | 3 | |
| Tree of Ages | 1 | |
| Ancient of Wonders | 1 | |
| Ancient of Lore | 2 | |
| Tree of Eternity | 1 | |
18 total
» build order
00:14 Altar of Elders
00:36 Moon Well
01:23 Ancient of War
02:01 Hunter's Hall
03:35 Moon Well
03:44 Moon Well
03:48 Ancient Protector
03:54 Ancient Protector
04:49 Tree of Ages
05:08 Moon Well
06:18 Ancient of Wonders
06:33 Ancient Protector
07:05 Moon Well
07:44 Ancient of Lore
08:34 Moon Well
09:44 Ancient of Lore
12:50 Moon Well
12:57 Tree of Eternity
Chat log
(00:09 / Allies) Tupacizzle: sup
(00:15 / Allies) lllove: what it do
(00:25 / Allies) Tupacizzle: que paso?
(00:28 / Allies) Tupacizzle: tc/hh/shaman/kodo
(00:32 / Allies) Tupacizzle: expanding
(02:49 / All) PewPewKachoo: expected that
(02:50 / Allies) lllove: who wants
(02:52 / All) PewPewKachoo: all those low level noobs
(08:02 / All) PewPewKachoo: u fucking asshole
(11:50 / Allies) lllove: watch the rally point
(12:15 / Allies) Tupacizzle: wood?
(13:21 / All) lllove: red hacker lol
(13:32 / All) PewPewKachoo: well your a faggot
(13:36 / All) PewPewKachoo: so they cancel each other out
(13:43 / All) lllove: not really I' mlegit
(17:04 / All) lllove: lol
(18:48 / All) lllove: lol
(18:54 / Allies) lllove: more dhawks
(19:13 / All) lllove: lol